[Event "ITT 1st Parada Jamundi 2022"]
[Site "Jamundi Valle"]
[Date "2022.12.07"]
[Round "1.1"]
[White "Henriquez Villagra, Cristobal"]
[Black "Lopez Rayo, Santiago"]
[Result "1-0"]
[ECO "B51"]
[WhiteElo "2587"]
[BlackElo "2300"]
[Annotator "TA"]
[PlyCount "159"]
[EventDate "2022.12.05"]
[EventType "swiss"]
[EventCountry "COL"]
[SourceTitle "playchess.com"]
[Source "ChessBase"]
[SourceQuality "1"]
[TimeControl "5400+30"]

1. e4 c5 2. Nf3 d6 3. Bb5+ Nd7 4. a4 Ngf6 5. Nc3 e6 6. O-O {[%emt 0:01:00] B51: Sicilian: Moscow Variation (3 Bb5+) without 3...Bd7.} Be7 7. a5 a6 8. Bc4 {[%emt 0:01:37] The position is equal.} b5 9. axb6 Nxb6 10. Ba2 Bb7 11. Re1 O-O 12. d3 {[%emt 0:00:20] [#]} h6 $146 ({Predecessor:} 12... d5 13. e5 Ne8 14. d4 Nc7 15. Ne2 f6 16. c3 f5 17. g3 Qe8 18. h4 h6 {½-½ (71) Tekeyev,Z (2396)-Han,Y (2307) Chess.com INT 2020}) 13. Bd2 Nfd7 14. Ne2 a5 15. Nf4 a4 16. Rb1 Kh7 17. Nh5 Nf6 18. Ng3 Qc7 19. Qc1 Ra7 20. Bc3 Rc8 21. Qf4 c4 22. Bxf6 ({White should play} 22. dxc4 $11 Nbd7 23. Qe3) 22... Bxf6 $15 23. Nh5 Bd8 24. dxc4 e5 25. Qe3 Ba6 26. b3 axb3 27. Bxb3 Nxc4 28. Bxc4 Bxc4 29. Ng3 g6 {[%emt 0:00:35] Inhibits Nf5.} 30. h4 Be6 {[%emt 0:01:33] A strong pair of Bishops.} 31. h5 Qc5 (31... Ra2 $17 32. hxg6+ fxg6) 32. hxg6+ $1 $11 fxg6 33. Nf1 $1 g5 (33... Rc6 {simplifies} 34. Qxc5 Rxc5 35. Ne3 Rc6) 34. Red1 Be7 35. Ne1 Qxe3 36. Nxe3 g4 37. Rb6 Rac7 38. Ra1 Kg6 39. Raa6 Bc4 {[%emt 0:02:09] Inhibits Nd3.} 40. Ra5 Be6 41. Rxe5 dxe5 42. Rxe6+ Kf7 43. Rxe5 Rc5 44. Nxg4 Rxe5 45. Nxe5+ {[%emt 0:00:04][%mdl 4096] Endgame KRB-KNN} Ke6 46. N5d3 Rc4 47. f3 Bd6 48. Kf2 Bc7 49. f4 Ba5 50. Ke3 Bb6+ 51. Kf3 h5 $2 {[%emt 0:00:48] [#]} (51... Ba5 $14) 52. g3 $2 ({White has to play} 52. f5+ $1 $18 Ke7 53. Nf4) 52... Kf6 53. e5+ Kf5 54. Ng2 Rxc2 $2 {[%emt 0:00:25] White leaves nothing to chance now.} (54... Ke6 $16) 55. Nh4+ $18 Ke6 56. f5+ Kf7 57. Nf4 Rc3+ {[%emt 0:00:22] [#]} 58. Kg2 $1 {[%emt 0:00:05] Strongly threatening e6+.} (58. Ke4 Re3+ 59. Kd5 Bc7 $11) 58... Rc2+ $2 (58... Bd8 {is a better defense.} 59. e6+ (59. Nxh5 Bxh4 60. gxh4 Re3 $16) 59... Kg7) 59. Kh3 Bd4 (59... Rc5 $142 60. e6+ (60. Nxh5 Rxe5 61. g4 Re8 $11) 60... Ke7 61. Nxh5 Kd6) 60. e6+ ({Weaker is} 60. Nxh5 Bxe5 61. Nf3 Bf6 $11) 60... Ke8 61. Nxh5 Re2 62. Ng6 Re4 63. Kg2 Bc3 64. Kf3 Re1 65. g4 Rf1+ 66. Kg2 Re1 67. g5 Bd2 68. Nf6+ (68. f6 $142 Bb4 69. Ngf4) 68... Kd8 69. Nh7 Bb4 70. Kf2 {[%emt 0:00:52][%cal Oe6e7] e7+! is the strong threat.} Rh1 {[%emt 0:01:19] Prevents e7+.} 71. Nf6 Bc5+ 72. Kf3 Rg1 73. Ne5 Ke7 74. Nd5+ Ke8 75. g6 {[%emt 0:01:09] White mates.} Rf1+ 76. Kg4 Rg1+ 77. Kh5 Bd6 78. Ng4 Kf8 79. f6 Rh1+ 80. Kg5 {[%emt 0:00:03] Weighted Error Value: White=0.12 (very precise) /Black=0.25 (precise)} 1-0

[Event "ITT 1st Parada Jamundi 2022"]
[Site "Jamundi Valle"]
[Date "2022.12.07"]
[Round "1.2"]
[White "Mateus, Alejandro"]
[Black "Delgado Ramirez, Neuris"]
[Result "1/2-1/2"]
[ECO "B96"]
[WhiteElo "2308"]
[BlackElo "2572"]
[Annotator "TA"]
[PlyCount "115"]
[EventDate "2022.12.05"]
[EventType "swiss"]
[EventCountry "COL"]
[SourceTitle "playchess.com"]
[Source "ChessBase"]
[SourceQuality "1"]
[TimeControl "5400+30"]

1. e4 c5 2. Nf3 d6 3. d4 cxd4 4. Nxd4 Nf6 5. Nc3 a6 6. Bg5 e6 7. f4 h6 8. Bh4 Nbd7 {[%emt 0:00:14] B96: Sicilian Najdorf: 6 Bg5 e6 7 f4, lines other than 7...Qb6 and 7...Be7.} 9. Qe2 Be7 (9... e5 $11 {keeps the balance.}) 10. O-O-O $16 {[%emt 0:05:27] White is more active.} Qa5 {[%emt 0:01:41] White is better.} 11. Nf3 (11. Kb1 $16) 11... e5 (11... b5 $5 ) 12. fxe5 Nxe5 13. Kb1 Be6 14. Nxe5 Qxe5 {[%emt 0:04:52] [#]} 15. Nd5 $146 ({Predecessor:} 15. Qe1 O-O 16. Bf2 Rfe8 17. a3 Qa5 18. Bd4 Nd7 19. Qg3 Qg5 20. Qf2 Rac8 21. h4 {½-½ (34) Zajontz,R (2491)-Firnhaber,I (2469) ICCF email 2019}) 15... Nxd5 16. exd5 {[%emt 0:00:35] [#] aiming for Bxe7.} Qxe2 17. Bxe2 {[%emt 0:00:39] Threatens to win with Bxe7.} Bd7 (17... Bf5 $5 18. Bg3 Kd7 $11) 18. Bxe7 Kxe7 19. Rde1 Kf8 20. Bd3 g6 21. c4 f5 22. h4 Kf7 23. Kc2 Kf6 24. Kc3 a5 25. Re2 Rae8 26. Rhe1 Rxe2 27. Rxe2 $11 {[%emt 0:00:04][%mdl 4096] Endgame KRB-KRB} g5 28. hxg5+ hxg5 29. b4 axb4+ 30. Kxb4 Ra8 31. Kc3 f4 32. Rb2 Bf5 33. Bxf5 Kxf5 34. Rxb7 Rxa2 {[%emt 0:00:03] KR-KR} 35. Rf7+ Kg4 36. c5 dxc5 37. d6 Ra4 (37... Rxg2 $2 38. d7 $18) 38. d7 Rd4 {[%emt 0:00:05] Inhibits d8Q.} 39. Rg7 Kf5 40. Rf7+ Kg4 41. Rg7 Kh4 ({Reject} 41... Kf5 42. Kc2 $15) 42. Rh7+ Kg3 43. Rh3+ Kxg2 44. Rd3 Rxd7 45. Rxd7 {[%emt 0:00:04] [#] Rg7 would kill now. KR-K3P} g4 (45... f3 $5 46. Rg7 $8 f2 47. Rxg5+ Kf3 48. Rf5+ (48. Rxc5 $2 {is the wrong capture.} Kg4 $19) 48... Kg2 $11) 46. Rd2+ Kf3 47. Rd3+ Ke2 {[%emt 0:00:28] And now ...f3 would win.} 48. Rd2+ Ke1 {[%emt 0:00:32] Strongly threatening ...f3.} (48... Ke3 $5 49. Rd3+ $8 Kf2 50. Rd2+ Ke3 51. Rd3+ Kf2 52. Rd2+ Ke3 $11) 49. Rg2 (49. Rc2 $5 g3 50. Kd3 $14) 49... g3 {[%emt 0:00:35] The position is equal.} 50. Kd3 {[%emt 0:00:02] Intending Ke4 and mate.} Kf1 51. Rc2 g2 {[%emt 0:03:18] White must now prevent ...f3.} 52. Ke4 {[%emt 0:00:22][%cal Oe4f3] Inhibits f3.} g1=Q {[%emt 0:01:13] ( -> ...Qg6+)} ({Much less strong is} 52... f3 53. Kxf3 g1=N+ 54. Ke3 $14) 53. Rc1+ Kf2 54. Rxg1 Kxg1 55. Kxf4 c4 56. Ke3 c3 57. Kd3 c2 58. Kxc2 {[%emt 0:00:03] Weighted Error Value: White=0.10 (very precise) /Black=0.08 (flawless)} 1/2-1/2

[Event "ITT 1st Parada Jamundi 2022"]
[Site "Jamundi Valle"]
[Date "2022.12.07"]
[Round "1.3"]
[White "Cruz, Cristhian"]
[Black "Malka, Samuel"]
[Result "1-0"]
[ECO "D36"]
[WhiteElo "2552"]
[BlackElo "2265"]
[Annotator "TA"]
[PlyCount "79"]
[EventDate "2022.12.05"]
[EventType "swiss"]
[EventCountry "COL"]
[SourceTitle "playchess.com"]
[Source "ChessBase"]
[SourceQuality "1"]
[TimeControl "5400+30"]

1. d4 d5 2. c4 e6 3. Nc3 Nf6 4. cxd5 exd5 5. Bg5 c6 6. Qc2 h6 7. Bh4 Be7 8. e3 O-O 9. Bd3 Re8 10. Nge2 a5 {[%emt 0:01:42] D36: Queen's Gambit Declined: Exchange Variation: Main line (5 Bg5 c6 6 Qc2).} 11. a3 $5 {[%emt 0:00:00][%mdl 4] A promising side line.} Na6 12. O-O Nc7 {[%emt 0:01:31] White has an edge.} 13. Rad1 Ne6 14. Rfe1 {[%emt 0:00:00] [#]} g6 $146 ({Predecessor:} 14... Bd7 15. Bg3 Rc8 16. h3 Nh5 17. Be5 b5 18. Qb1 Bf8 19. e4 dxe4 20. Nxe4 c5 {½-½ (33) Huber,M (2351)-Kuhne,D (2453) GER email 2020}) 15. f3 b5 16. Kh1 Ng7 17. Bf2 Ba6 18. Bg1 a4 (18... Bf8 $11) 19. e4 $16 b4 20. Bxa6 Rxa6 21. Nxa4 Qa5 22. Nc5 Bxc5 23. dxc5 {[%emt 0:00:00] And now Bd4 would win.} dxe4 24. Bd4 (24. axb4 {simplifies} Qxb4 25. Nd4 exf3 26. Rxe8+ Nfxe8 27. Nxf3 Ra2 28. Rb1) 24... exf3 $1 25. gxf3 Nd5 (25... Nfh5 {simplifies} 26. axb4 Qxb4 27. Qc3 Qxc3 28. Bxc3 Ne6) 26. Qd2 $1 Kh7 (26... bxa3 $2 27. Qxh6 f6 28. Qxg6 $18) ({Don't do} 26... Nf5 27. Ng3 Rxe1+ 28. Rxe1 Nxg3+ 29. hxg3 $16) 27. Bxg7 Kxg7 28. Qd4+ Kh7 (28... f6 $11 {remains equal.}) 29. Nf4 Rd8 (29... Rxe1+ $2 30. Rxe1 Qd8 31. Nxd5 (31. axb4 $2 {is the wrong capture.} Qh4 $19) 31... cxd5 32. axb4) 30. axb4 Qc7 {[%emt 0:00:00] [#]} (30... Qa4) 31. b5 $2 ({White has to play} 31. Nh5 $1 $18 gxh5 32. Qd3+ Kg7 33. Qxa6) 31... Raa8 $11 32. Nxd5 $40 {[%emt 0:00:09][%mdl 128] White has some attack.} Rxd5 33. Qf6 {[%emt 0:00:07] Rxd5 is the strong threat.} Rxd1 {[%emt 0:00:18][%mdl 8192] This move loses the game for Black.} (33... Rf5 $16 34. Re7 (34. Qxc6 Rxc5 35. Qxc7 Rxc7 $11) 34... Rxf6 35. Rxc7 cxb5) 34. Rxd1 $18 cxb5 $16 {[%emt 0:02:04][%mdl 4096] Endgame [#] KQR-KQR} 35. c6 $1 {[%emt 0:00:25] Rd7 would kill now.} Rf8 36. Rd7 {[%emt 0:00:11] White mates.} Qa5 37. Rxf7+ Rxf7 38. Qxf7+ Kh8 39. Qf8+ Kh7 40. Qe7+ {[%emt 0:00:10] Weighted Error Value: White=0.29 (precise) /Black=0.73} 1-0

[Event "ITT 1st Parada Jamundi 2022"]
[Site "Jamundi Valle"]
[Date "2022.12.07"]
[Round "1.4"]
[White "Zuluaga Mancilla, Cesar"]
[Black "Cardoso Cardoso, Jose Gabriel"]
[Result "0-1"]
[ECO "D02"]
[WhiteElo "2230"]
[BlackElo "2483"]
[Annotator "TA"]
[PlyCount "106"]
[EventDate "2022.12.05"]
[EventType "swiss"]
[EventCountry "COL"]
[SourceTitle "playchess.com"]
[Source "ChessBase"]
[SourceQuality "1"]
[TimeControl "5400+30"]

1. d4 Nf6 2. Nf3 d5 3. c3 Bg4 4. Ne5 Bf5 5. Qb3 Qc8 6. Bf4 {[%emt 0:01:03] D02: 1 d4 d5 2 Nf3 sidelines, including 2...Nf6 3 g3 and 2...Nf6 3 Bf4.} ({Much weaker is} 6. e4 Bxe4 7. Nd2 (7. f3 Bg6 $15) 7... Bg6 $11) 6... e6 7. e3 Be7 8. Nd2 {[%emt 0:01:05] The position is equal.} O-O (8... Nbd7 $11) 9. Be2 {[%emt 0:00:11] [#] And now g4 would win.} h6 $146 ({Predecessor:} 9... Nbd7 10. O-O Nxe5 11. Bxe5 Nd7 12. Bg3 Nb6 13. Nf3 Bd6 14. Rac1 Bxg3 15. hxg3 c6 {1-0 (63) Herrmann,A (2157)-Wolterink,T (1767) Verden 2014}) 10. O-O (10. g4 $16 Bh7 11. h4) 10... c5 $11 11. dxc5 Nbd7 12. Nxd7 Nxd7 13. Bd6 Nxc5 14. Bxc5 Qxc5 15. Rfd1 Rab8 16. Bf3 Bg6 17. e4 d4 18. cxd4 Qxd4 19. Nc4 Qc5 20. Rd7 b5 21. Ne3 Rfd8 22. Rad1 Rxd7 23. Rxd7 Bf6 24. g3 a5 25. Qd3 ({White should play} 25. h4 $15) 25... Bxb2 $17 26. Rd8+ Rxd8 27. Qxd8+ Kh7 {[%emt 0:00:09] aiming for ...Bd4.} 28. Qxa5 Bc3 {[%emt 0:00:52] Against a4. Black is more active.} 29. Qa6 (29. Qd8 $17) 29... Bd4 $19 30. Nd1 Bh5 $1 {[%emt 0:10:12] Against h4. A strong pair of Bishops.} 31. g4 {[%emt 0:05:59] [#]} Bxg4 32. Bxg4 Qg5 33. h3 h5 {[%emt 0:00:05][%mdl 64] Pin} 34. Qa3 ({Reject} 34. Qd6 Be5 35. Qd3 hxg4 36. hxg4 Qxg4+ 37. Kf1 b4) 34... hxg4 {[%emt 0:01:45][%mdl 4096] Endgame KQB-KQN} 35. Qg3 f5 36. exf5 exf5 {[%emt 0:00:19] Strongly threatening ...Qd2.} 37. hxg4 $2 {[%emt 0:02:51][%mdl 8192] White does not recover from this.} (37. Kf1 $17) 37... Qxg4 {[%emt 0:00:41] Black mates.} 38. Qxg4 fxg4 $17 {[%emt 0:00:01] KB-KN} 39. Kf1 Kg6 40. Ke2 Kf5 41. Kd3 Ke5 42. Kd2 Ke4 43. Ke2 b4 44. Kd2 Kf3 45. Ke1 g5 46. Kf1 g3 47. fxg3 Kxg3 48. Ke2 Kf4 49. Kd3 {[%emt 0:00:25] [#]} Ke5 $1 50. Kd2 Ke4 51. Ke2 g4 52. Kd2 g3 53. Ke2 g2 {[%emt 0:00:12] Weighted Error Value: White=0.20 (precise) /Black=0.05 (flawless)} 0-1

[Event "ITT 1st Parada Jamundi 2022"]
[Site "Jamundi Valle"]
[Date "2022.12.07"]
[Round "1.5"]
[White "Avila Pavas, Santiago"]
[Black "Paredes Lagos, Anthony Javier"]
[Result "0-1"]
[ECO "B90"]
[WhiteElo "2461"]
[BlackElo "2230"]
[Annotator "TA"]
[PlyCount "148"]
[EventDate "2022.12.05"]
[EventType "swiss"]
[EventCountry "COL"]
[SourceTitle "playchess.com"]
[Source "ChessBase"]
[SourceQuality "1"]
[TimeControl "5400+30"]

1. e4 c5 2. Nf3 d6 3. d4 cxd4 4. Nxd4 Nf6 5. Nc3 a6 6. Be3 Ng4 7. Bc1 Nf6 8. f3 e5 9. Nb3 Be6 10. Be3 h5 11. Nd5 {[%emt 0:00:09] B90: Sicilian Najdorf: Unusual White 6th moves, 6 Be3 Ng4 and 6 Be3 e5.} Bxd5 12. exd5 Nbd7 13. Qd2 {[%emt 0:00:09] White is slightly better.} g6 {[%emt 0:04:57] 13...Rc8 is a critical line.} 14. O-O-O Bg7 (14... Nb6 $5 ) 15. Kb1 O-O (15... b5 $11) 16. h3 $14 Qc7 17. g4 Rac8 18. g5 {[%emt 0:04:29] Prevents e4.} Nh7 19. h4 {[%emt 0:03:27] [#]} Rfe8 $146 ({Predecessor:} 19... Nb6 20. Na5 e4 21. fxe4 Rfe8 22. Bh3 Rb8 23. Bg2 Nf8 24. Rc1 Na4 25. c4 Bxb2 26. Rc2 Bg7 27. Nb3 Nd7 {0-1 (46) Abdusattorov,N (2627)-Drygalov,A (2500) Chess.com INT 2021}) 20. Bh3 Nhf8 21. Qc1 a5 22. Nd2 b5 23. Ne4 Rb8 24. Qd2 b4 (24... Red8 $16 25. Rhf1 b4) 25. Rc1 $18 f5 26. gxf6 Nxf6 27. Rhg1 {[%emt 0:02:48][%cal Oh3f5] Threatens to win with Bf5!} N6h7 $2 (27... Nxe4 $16 {is a better defense.} 28. fxe4 a4) 28. c4 bxc3 29. Qxc3 (29. Rxc3 $18 {and the rest is easy.} Qe7 30. Qc2) 29... Qxc3 $16 30. Rxc3 {[%emt 0:00:02][%cal Oc3c7] Black must now prevent Rc7!} Nf6 31. Rd1 Nxe4 32. fxe4 Rb4 33. Bg2 Reb8 34. Rd2 Nd7 35. Rc6 Nf6 (35... Bf8 $1 $14) 36. a3 $36 {[%emt 0:00:09][%mdl 2048] White is in control.} (36. Rxd6 $6 Nxe4 37. Bxe4 Rxe4 $14) 36... Rb3 37. Bg5 Ne8 (37... Nh7 $16 {keeps fighting.}) 38. Ka2 $1 $18 Kh7 39. Ra6 $1 Bh6 40. Rxa5 (40. Ra7+ R8b7 $14) 40... Bxg5 41. hxg5 Rg3 42. Ra7+ Ng7 43. Rf2 {[%emt 0:05:42] Against h4} Rxg5 44. Bf1 (44. a4 $16) 44... Kh6 $1 $11 45. Rff7 (45. Rd7 $11) 45... Rg1 $1 $15 46. b4 {[%emt 0:01:32] Prevents h4.} (46. a4 $1 $15) 46... h4 $1 $19 47. Rad7 {[%emt 0:20:50] [#]} Nh5 48. Rf2 (48. Rxd6 $2 Nf4 49. Rc6 Rxf1 $19) 48... Ng3 49. Bh3 (49. Bg2 {was the crucial defense.}) 49... Nxe4 50. Rh2 Nc3+ 51. Kb2 Nxd5 52. Rxd6 Nf4 53. Bd7 Kh5 54. Rf6 Rd8 55. Rf7 Rd1 $2 (55... g5 $19 {and Black stays clearly on top.} 56. b5 Kg6) 56. Rh7+ $17 Kg5 57. Bc6 Nd3+ (57... R1d4 $19 {And now ...h3 would win.} 58. b5 e4) 58. Kb3 ({White should play} 58. Ka2 $1 $15) 58... Rc1 (58... Rd4 $17 {Strongly threatening ...Re1.} 59. Bb5 Rg1) 59. Be4 $15 Nf4 {[%emt 0:01:33] Inhibits Rg2+.} 60. R7xh4 Rd4 {[%emt 0:00:23] Black is more active.} ({Better is} 60... Re1 $15 61. Bc2 e4) 61. Bc2 $1 $11 e4 62. Rh7 e3 63. Re7 $1 Re1 64. Rh8 Rd2 (64... Kf6 {keeps more tension.} 65. Rhe8 e2 66. b5 Rd8) 65. Rc8 $2 {[%emt 0:02:09] [#]} (65. Rg8 $11) 65... e2 $1 $19 66. Rc5+ $2 (66. Rce8) 66... Kg4 {[%emt 0:00:10] aiming for ...Rf1.} 67. b5 (67. Rce5 $142) 67... Rh1 68. b6 $2 (68. Rc4 e1=Q 69. Rxe1 Rxe1 70. a4) 68... Rd6 ({Inferior is} 68... e1=R 69. Rxe1 Rxe1 70. b7 Re3+ 71. Ka4 $11) (68... e1=B 69. b7 Rh3+ 70. Ka2 $18 (70. Ka4 Bf2 $18)) 69. Rb5 Ne6 (69... e1=B $2 70. b7 Rd8 71. b8=Q Rh3+ 72. Ka2 Rxb8 73. Bd1+ Kg3 74. Rxb8 $18) (69... e1=Q 70. Rxe1 Rxe1 71. b7 $11) (69... Rd7 70. Re8 $17) 70. Rb4+ Kg5 71. b7 e1=Q {[%emt 0:00:40] Black mates.} (71... e1=B 72. b8=Q (72. b8=R Bxb4 73. Rxb4 Rh2 $15) 72... Nc5+ 73. Kb2 Bxb4 74. axb4 $18 (74. Qxd6 Na4+ 75. Bxa4 Bxd6 $11)) 72. b8=Q Nc5+ 73. Kc4 Qxe7 74. Rb5 Rh4+ {[%emt 0:00:31] A wild game.   Weighted Error Value: White=0.30/Black=0.31} 0-1

[Event "ITT 1st Parada Jamundi 2022"]
[Site "Jamundi Valle"]
[Date "2022.12.07"]
[Round "1.6"]
[White "Arango Arenas, Juan Camilo"]
[Black "Mirzoev, Azer"]
[Result "0-1"]
[ECO "C56"]
[WhiteElo "2202"]
[BlackElo "2462"]
[Annotator "TA"]
[PlyCount "84"]
[EventDate "2022.12.05"]
[EventType "swiss"]
[EventCountry "COL"]
[SourceTitle "playchess.com"]
[Source "ChessBase"]
[SourceQuality "1"]
[TimeControl "5400+30"]

1. e4 e5 2. Nf3 Nc6 3. d4 exd4 4. Bc4 Nf6 5. e5 d5 6. Bb5 Nd7 7. O-O Be7 8. Bxc6 bxc6 9. Nxd4 {[%emt 0:05:21] C56: Two Knights: 4 d4 exd4 5 0-0 Nxe4.} Nb8 10. Qh5 (10. Nc3 $11) 10... O-O (10... c5 $15 11. Ne2 Nc6) 11. Nf5 {[%emt 0:00:32] The position is equal.} Bxf5 12. Qxf5 Qd7 13. Qd3 {[%emt 0:18:42] [#]} a5 $146 ({Predecessor:} 13... Qe6 14. Bf4 Nd7 15. Qg3 f6 16. exf6 Nxf6 17. Qd3 Ne4 18. Be3 c5 19. Nc3 Nxc3 20. bxc3 {0-1 (82) Quparadze,G (2501)-Pashikian,A (2616) Skopje 2019}) 14. Nc3 Na6 15. Qg3 {[%emt 0:00:22] Threatens to win with Bh6.} Rfe8 16. Ne2 Nc5 17. f3 {[%emt 0:10:55] [#]} (17. Bf4 $11 {keeps the balance.}) 17... Ne6 ({Black should play} 17... f6 $1 $17 18. exf6 Bxf6) 18. Be3 c5 19. f4 f5 20. Rad1 c6 21. Qh3 g6 22. Bf2 a4 23. Bh4 (23. b3 $15) 23... c4 24. Bxe7 Rxe7 25. Nd4 Nxd4 (25... Qa7 $5 26. Qc3 Rb7 $17) 26. Rxd4 Qa7 27. c3 ({White should try} 27. Rfd1 $15) 27... a3 (27... Rb8 $142 28. g4 Rxb2 29. gxf5 Qd7) 28. b4 {[%emt 0:04:20][%mdl 8192] White does not recover from this.} (28. bxa3 $17 Qc5 29. Kh1) 28... cxb3 $19 {[%emt 0:00:22] Black is clearly winning.} 29. axb3 a2 30. Ra1 Rb7 31. Kh1 Rxb3 {[%emt 0:00:59] ( -> ...Qxd4)} 32. Rdd1 Qf2 33. Qh6 Rxc3 (33... Qc2 $142 34. h3 {[#]} Qxd1+ $3 35. Rxd1 Rb1 36. Rxb1 axb1=Q+ 37. Kh2 Qe1) 34. Qg5 Rc2 35. h4 Qe2 36. Re1 Qg4 37. Qxg4 fxg4 {[%emt 0:00:07] KRR-KRR} 38. Kh2 Kf7 39. Kg3 h5 {[%emt 0:00:52] Strongly threatening ...Ra3+.} 40. f5 gxf5 {[%emt 0:00:09] White must now prevent ...Ra3+.} 41. Kf4 Ke6 {[%emt 0:02:18][%cal Oc6c5] And now ...c5! would win.} 42. g3 d4 {Weighted Error Value: White=0.77/Black=0.44} 0-1

[Event "ITT 1st Parada Jamundi 2022"]
[Site "Jamundi Valle"]
[Date "2022.12.07"]
[Round "1.7"]
[White "Cori Quispe, Kevin Joel"]
[Black "Argote Heredia, Valentina"]
[Result "1-0"]
[ECO "B40"]
[WhiteElo "2469"]
[BlackElo "2140"]
[Annotator "TA"]
[PlyCount "68"]
[EventDate "2022.12.05"]
[EventType "swiss"]
[EventCountry "COL"]
[SourceTitle "playchess.com"]
[Source "ChessBase"]
[SourceQuality "1"]
[TimeControl "5400+30"]

1. e4 c5 2. Nf3 e6 3. b3 Nf6 4. e5 Nd5 5. c4 Nb4 6. a3 {[%emt 0:05:57] Against d5. B40: Sicilian: 2...e6, Unusual lines.} N4c6 7. Bb2 d6 8. exd6 $1 {[%emt 0:03:39] White is slightly better.} Qxd6 {[%emt 0:00:08] [#]} 9. g3 $146 ({Predecessor:} 9. Nc3 Qd8 10. Ne2 e5 11. Ng3 f6 12. Qc2 Bg4 13. Be2 Qd7 14. h3 Be6 15. O-O {1-0 (41) Sousa,A (2386)-Fernandes,A (2457) Vila Nova de Gaia 2017}) 9... f6 10. Nh4 Ne5 11. Qh5+ Nf7 12. Bg2 g6 13. Qe2 Bg7 14. Nc3 O-O 15. Ne4 Qe7 16. Qe3 Nd7 17. f4 $36 {[%emt 0:00:55][%mdl 2048] White is more active.} e5 18. Nc3 Qd6 (18... Qd8 $11 {remains equal.}) 19. O-O f5 {[%emt 0:00:55] And now ...exf4 would win.} 20. Kh1 {[%emt 0:10:23] [#]} (20. Nd5 $11) 20... a6 (20... exf4 $1 $17 21. gxf4 Nf6) 21. Nd5 $14 Rb8 22. Rae1 {[%emt 0:02:15] Threatens to win with fxe5. White is much more active. The black rooks are badly placed.} b5 23. Bc3 (23. fxe5 $16 Ndxe5 24. Nf3 Nxf3 25. Ne7+ Kh8 26. Bxg7+ (26. Bxf3 $2 Bxb2 27. Nxc8 Rbxc8 $19) 26... Kxg7 27. Rxf3 (27. Bxf3 bxc4 28. bxc4 Qd4 $11)) 23... Bb7 $1 $11 24. g4 fxg4 25. f5 Bh6 26. Qg3 {[%emt 0:03:55] aiming for fxg6.} Bxd5 $2 {[%emt 0:11:39] Black cannot hold the game after this.} (26... g5 $1 $14) 27. Bxd5 $18 {[%emt 0:00:18] Strongly threatening fxg6.} Bf4 $2 {[%emt 0:00:20] [#]} (27... g5) 28. Rxf4 $1 exf4 (28... bxc4 29. Bxf7+) 29. Qd3 {[%emt 0:00:07] White wants to mate with Bxf7+.} Nde5 30. Bxe5 {[%emt 0:00:27] Threatening mate with Bxf7+. A strong pair of Bishops.} Qe7 31. f6 (31. Bxb8 Qxe1+ 32. Kg2 g5 33. Bxf7+ Kxf7 34. Qd5+ Kf6 35. Qd6+ Kg7 36. Qe5+ Qxe5 37. Bxe5+ Kf7 $19) (31. fxg6 $142 Qxh4 32. Rg1 Rfe8 33. gxf7+ Kf8 34. fxe8=Q+ Kxe8 35. Bc6+ Kf7 36. Qf5+ Ke7 37. Qd7+ Kf8 38. Qg7#) 31... Qd7 32. Nxg6 {[%emt 0:00:22] White mates.} Rbe8 33. Nxf8 Rxf8 34. Bxf4 Qd8 {[%emt 0:22:11] Weighted Error Value: White=0.13 (very precise) /Black=0.55} 1-0